 Dungeon Crawl Stone Soup version 0.18.1-5-g4a78601 (webtiles) character file.

49 esc the Firebug (level 3, 0/20 HPs)
             Began as a Deep Elf Fire Elementalist on May 12, 2016.
             Slain by a worm (10 damage)
             ... on level 1 of the Dungeon.
             The game lasted 00:04:21 (1337 turns).

esc the Firebug (Deep Elf Fire Elementalist)        Turns: 1337, Time: 00:04:22

Health: 0/20       AC:  4    Str:  0    XL:     3   Next: 51%
Magic:  8/9        EV: 13    Int: 20    God:
Gold:   81         SH:  0    Dex: 15    Spells: 1 memorised, 7 levels left

rFire  . . .     SeeInvis .     f - +1 dagger (holy)
rCold  . . .     Gourm    .     a - +0 robe
rNeg   . . .     Faith    .     (no shield)
rPois  .         Spirit   .     h - +0 helmet
rElec  .         Dismiss  .     (no cloak)
rCorr  .         Reflect  .     k - +0 pair of gloves
SustAt .         Harm     .     (no boots)
MR     .....                    (no amulet)
Stlth  ++........               l - -2 ring of strength (curse)
                                i - -3 ring of strength (curse)

@: slowed, lost strength, very slow, not resistant to hostile enchantments,
unstealthy
A: no striking features
a: no special abilities


You were on level 1 of the Dungeon.
You were hungry.

You visited 1 branch of the dungeon, and saw 2 of its levels.

You collected 81 gold pieces.

Inventory:

Hand Weapons
 f - a +1 dagger of holy wrath (weapon)
   (You took it off a kobold on level 2 of the Dungeon)
 j - a +0 dagger
   (You took it off a goblin on level 1 of the Dungeon)
Missiles
 e - 45 stones (quivered)
Armour
 a - a +0 robe (worn)
 h - a +0 helmet (worn)
   (You found it on level 1 of the Dungeon)
 k - a +0 pair of gloves (worn)
   (You found it on level 2 of the Dungeon)
Jewellery
 i - a cursed -3 ring of strength (left hand)
   (You took it off a goblin on level 1 of the Dungeon)
 l - a cursed -2 ring of strength (right hand)
   (You found it on level 2 of the Dungeon)
 m - an uncursed ring of protection from magic {unknown}
   (You found it on level 2 of the Dungeon)
Scrolls
 g - 2 scrolls of identify
Potions
 d - a potion of curing
 n - a potion of flight
 o - a potion of berserk rage {unknown}
Books
 b - a book of Flames
Comestibles
 c - 2 bread rations {@e1}


   Skills:
 + Level 1.0 Fighting
 + Level 3.0 Dodging
 - Level 2.4 Stealth
 + Level 3.4 Spellcasting
 + Level 1.9 Conjurations
 + Level 3.8 Fire Magic


You had 7 spell levels left.
You knew the following spells:

 Your Spells              Type           Power        Failure   Level  Hunger
a - Flame Tongue          Conj/Fire      ##...        4%          1    None


Dungeon Overview and Level Annotations

Branches:
Dungeon (2/15)

Altars:
Okawaru

Annotations:
D:2 exclusion: Natasha, Natasha


Message History

You are feeling hungry.
Found 10 gold pieces.
Found an escape hatch in the floor.
There is an escape hatch in the floor here.
You now have 73 gold pieces (gained 10).
There is an escape hatch in the floor here.
A worm comes into view.
Aim: a worm The flame tongue hits the worm.
You now have 8/9 mp.
Aim: a worm (moderately wounded)
The flame tongue hits the worm.
You now have 7/9 mp.
Aim: a worm (heavily wounded)
The flame tongue hits the worm.
The worm bites you.
You take 6 damage, and have 14/20 hp.
MASSIVE DAMAGE!!
You now have 6/9 mp.
Aim: a worm (heavily wounded)
The flame tongue hits the worm.
You kill the worm!
Your Dodging skill increases to level 3!
You now have 5/9 mp.
You see here a worm corpse.
You butcher the worm corpse.
f - a chunk of flesh {@w0}
g - a scroll of identify Eating a chunk of flesh {@w0}.
You continue eating. x2
A rat comes into view.
MP restored: 9 The rat bites you but does no damage.
Aim: a rat The flame tongue hits the rat.
The rat barely misses you.
You now have 8/9 mp.
You hit the rat.
You kill the rat!
g - 2 scrolls of identify (gained 1)
A kobold comes into view. It is wielding a dagger of holy wrath.
MP restored: 9 A kobold is nearby!
Aim: a kobold, wielding a dagger of holy wrath (hasn't noticed you)
The flame tongue hits the kobold.
You kill the kobold!
You now have 8/9 mp.
e - 45 stones (gained 1)
Things that are here:
a dagger of holy wrath; a kobold corpse
f - a dagger of holy wrath
o - an orange potion MP restored: 9 Wield which item (- for none, * to show all)? (? for menu, Esc to quit)
Your +1 dagger of holy wrath softly glows with a divine radiance!
f - a +1 dagger of holy wrath (weapon)
You now have 81 gold pieces (gained 8).
You are feeling hungry.
A dart slug comes into view.
An adder and a worm come into view.
The worm bites you.
There is a stone staircase leading up, spattered with blood here.
You take 3 damage, and have 15/20 hp.
The worm bites you.
You climb upwards.
There is a stone staircase leading down here.
You take 5 damage, and have 10/20 hp.
MASSIVE DAMAGE!!
A bat comes into view.
The bat moves out of view.
Aim: a worm The flame tongue hits the worm.
You now have 8/9 mp.
The bat misses you. The bat barely misses you.
The bat hits you but does no damage. The bat closely misses you.
The bat misses you. The bat closely misses you. The bat closely misses you.
The bat barely misses you.
MP restored: 9 The bat barely misses you.
The bat closely misses you. The bat barely misses you. x2
Aim: a worm (lightly wounded)
The flame tongue misses the bat.
The flame tongue hits the worm.
The worm appears unharmed.
The bat misses you. The bat barely misses you.
You now have 8/9 mp.
The bat hits you but does no damage. The bat hits you but does no damage.
Aim: a worm The flame tongue hits the bat.
You kill the bat!
You now have 7/9 mp.
Aim: a worm The flame tongue hits the worm.
You now have 7/9 mp.
The worm closely misses you.
MP restored: 9
Aim: a worm The flame tongue hits the worm.
You now have 8/9 mp.
The worm barely misses you. The worm bites you!
Ouch! That really hurt!
You die...

#######
##.#.#.#.##'.#.#.#..#.#
#..#.#.##.#.##.#.#..#.#
#..#.##.#####.##.#..#.#
#..##.##...#.##.##.....
#...##.#######.##......
#....##.......##.......
##....#########.....)..
###..w...........>...#.
##.....@.†..............
##........######...#..###
#.......########...#..# #
#.......#.............###
#.......>.#######.##.....
##.....#### #......##
#.......# #.##.###
#.......# ####.#
#.......# #..####


You could see a worm.

Vanquished Creatures
  An ooze (D:1)
  A worm (D:2)
  2 dart slugs (D:1)
  A giant gecko (D:1)
  3 giant cockroaches (D:1)
  4 goblins
  4 hobgoblins
  3 jackals (D:1)
  4 kobolds
  4 bats (D:1)
  A giant newt (D:2)
  6 rats
34 creatures vanquished.

Notes
Turn   | Place    | Note
--------------------------------------------------------------
     0 | D:1      | esc the Deep Elf Fire Elementalist began the quest for the Orb.
     0 | D:1      | Reached XP level 1. HP: 10/10 MP: 6/6
   139 | D:1      | Reached XP level 2. HP: 14/16 MP: 1/8
   441 | D:1      | Reached XP level 3. HP: 20/20 MP: 5/9
   818 | D:2      | Reached skill level 1 in Fighting
   860 | D:2      | Found an iron altar of Okawaru.
   892 | D:2      | Noticed Natasha
   904 | D:2      | Lost strength.
  1074 | D:2      | Reached skill level 3 in Dodging
  1337 | D:1      | Slain by a worm

Skill      XL: |  1  2  3 |
---------------+----------+-----
Fighting       | 1 |  1.0
Dodging        | 3 |  3.0
Stealth        | |  2.4
Spellcasting   | |  3.4
Conjurations   | |  1.9
Fire Magic     | |  3.8

Action                   || total
-------------------------++-------
Melee: Unarmed           ||     5
       Dagger            ||     4
Throw: Stone             ||     7
 Cast: Flame Tongue      ||    64
  Use: Scroll            ||     4
  Eat: Chunk             ||     1
Armor: Robe              ||    10
Dodge: Dodged            ||    37

Vault maps used:
D:1:      evilmike_arrival_rings
D:2:      lemuel_doored_altar, st_stairs_13, nemelex_spade_bored_becter,
          uniq_natasha

Table legend:
 A = Turns spent in this place as a percentage of turns spent in the entire game.
 B = Non-inter-level travel turns spent in this place as a percentage of non-inter-level travel turns spent in the entire game.
 C = Inter-level travel turns spent in this place as a percentage of turns spent in this place.
 D = Turns resting spent in this place as a percentage of non-inter-level travel turns spent in this place.
 E = Turns spent auto-exploring this place as a percentage of non-inter-level travel turns spent in this place.
 F = Non-inter-level travel turns spent in this place divided by the number of levels of this place that you've seen.
                   A       B       C       D       E      F
               +-------+-------+-------+-------+-------+----------------------
         Total | 100.0 | 100.0 |   0.8 |   2.7 |   9.6 | 187.0
       Dungeon | 100.0 | 100.0 |   0.8 |   2.7 |   9.6 | 187.0
               +-------+-------+-------+-------+-------+----------------------

Table legend:
 A = Kills in this place as a percentage of kills in entire the game.
 B = Kills by you in this place as a percentage of kills by you in the entire game.
 C = Kills by friends in this place as a percentage of kills by friends in the entire game.
 D = Other kills in this place as a percentage of other kills in the entire game.
 E = Experience gained in this place as a percentage of experience gained in the entire game.
 F = Experience gained in this place divided by the number of levels of this place that you have seen.
                   A       B       C       D       E      F
               +-------+-------+-------+-------+-------+----------------------
         Total | 100.0 | 100.0 |  -nan |  -nan | 100.0 |  35.0
       Dungeon | 100.0 | 100.0 |  -nan |  -nan | 100.0 |  35.0
               +-------+-------+-------+-------+-------+----------------------
